 Seeded DCSS version 0.32-a0-909-gc671339a80 (webtiles) character file.

Game seed: 17073724502869601980 (custom seed)

273 timneilson the Ruffian (level 6, -1/39 HPs)
             Began as an Octopode Shapeshifter on Apr 6, 2024.
             Was an Initiate of Gozag.
             Slain by a centaur (4 damage)
             ... on level 5 of the Dungeon.
             The game lasted 00:06:15 (3903 turns).

timneilson the Ruffian (Octopode Shapeshifter)      Turns: 3903, Time: 00:06:16

Health: -1/39      AC:  1    Str: 15    XL:     6   Next: 23%
Magic:  6/6        EV: 12    Int: 13    God:    Gozag
Gold:   1086       SH:  0    Dex: 11    Spells: 5/5 levels left

rFire   . .          .
                       - Unarmed
rCold   . . .        (no shield)
rNeg    . . .        (helmet currently unavailable)
rPois   .            (no amulet)
rElec   .            o - ring of see invisible
rCorr   .            (no ring)
SInv    +            (no ring)
Will    .....        (no ring)
Stlth   +++          (no ring)
HPRegen 0.26/turn    (no ring)
MPRegen 0.10/turn    (no ring)
                     (no ring)

%: no passive effects
@: beast-form, studying Shields
A: beast (slay +2), almost no armour, amphibious, 8 rings, camouflage 1,
gelatinous body 1, (nimble swimmer 1), tentacles
a: Begin Untransformation, Renounce Religion, Potion Petition, Call Merchant,
Bribe Branch


You were on level 5 of the Dungeon.
You worshipped Gozag.
Gozag was most pleased with you.
You were a hulking beast.
You visited 2 branches of the dungeon, and saw 6 of its levels.

You collected 1151 gold pieces.
You paid 65 gold pieces to Gozag.

Inventory:

Armour
 i - a +2 hat
Jewellery
 o - a ring of see invisible (left tentacle)
 p - a ring of resist corrosion
Talismans
 b - a beast talisman (active)
 c - a flux talisman
 f - a granite talisman
 m - a dragon-blood talisman
Wands
 k - a wand of roots (21)
Scrolls
 s - a scroll of fear
Potions
 a - 3 potions of lignification
 d - a potion of haste {unknown}
 e - a potion of mutation {unknown}
 h - 2 potions of might
 j - a potion of berserk rage {unknown}
 n - a potion of ambrosia {unknown}


   Skills:
 + Level 2.1 Fighting
 * Level 3.5 Dodging
 + Level 2.6 Stealth
 * Level 4.1 Unarmed Combat
 + Level 1.3 Evocations
 * Level 3.9 Shapeshifting


You had 5 spell levels left.
You didn't know any spells.
Your spell library was empty.

Dungeon Overview and Level Annotations

Branches:
Dungeon (5/15)             Temple (1/1) D:5

Altars:
Cheibriados
Dithmenos
Elyvilon
Fedhas
Gozag
Hepliaklqana
Kikubaaqudgha
Makhleb
Nemelex Xobeh
Ru
Uskayaw
Vehumet
Xom
Yredelemnul
Zin
The Shining One


Innate Abilities, Weirdness & Mutations

You are a hulking beast.
Your limbs bulge with bestial killing power. (Slay +2)
You cannot wear most types of armour.
You are amphibious.
You can wear up to eight rings at the same time.
Your skin changes colour to match your surroundings (Stealth+).
Your rubbery body absorbs attacks. (AC +1, EV +1)
((You are camouflaged when in or above water. (Stealth+)))
You have tentacles for arms and can constrict up to eight enemies at once.


Message History

* * * LOW HITPOINT WARNING * * *
The centaur kicks you but does no damage.
You tentacle-slap the centaur.
The centaur is heavily wounded.
The centaur hits you but does no damage.
The centaur barely misses you. The centaur hits you.
* * * LOW HITPOINT WARNING * * *
The centaur kicks you.
* * * LOW HITPOINT WARNING * * *
You feel better. The centaur hits you.
* * * LOW HITPOINT WARNING * * *
The centaur closely misses you.
You tentacle-slap the centaur but do no damage.
The centaur is heavily wounded.
The centaur barely misses you. The centaur kicks you.
* * * LOW HITPOINT WARNING * * *
The centaur hits you.
* * * LOW HITPOINT WARNING * * *
The centaur misses you.
You feel better. The centaur hits you.
* * * LOW HITPOINT WARNING * * *
The centaur kicks you but does no damage.
You tentacle-slap the centaur but do no damage.
The centaur is heavily wounded.
The centaur barely misses you. The centaur kicks you.
* * * LOW HITPOINT WARNING * * *
The centaur closely misses you. The centaur kicks you.
* * * LOW HITPOINT WARNING * * *
You tentacle-slap the centaur.
The centaur is severely wounded.
The centaur hits you.
* * * LOW HITPOINT WARNING * * *
The centaur kicks you.
* * * LOW HITPOINT WARNING * * *
Unknown command.
You tentacle-slap the centaur.
The centaur is severely wounded.
The centaur hits you.
You die...
Your body crumbles into a pile of gold.

# ################.#...
###....................
#...###########.####.##
###.#############.#
#............h....#
#..(....###.c......#
#.......# #............
###.#####.#
#........####
##.......#.#
#.........# ....####.#
# #.........# # .##.#
#########.# # .##.# .#
# .##.# #


You could see a centaur.

Vanquished Creatures
  2 orc priests (D:4)
  4 gnolls (D:4)
  7 adders
  3 dart slugs
  6 orcs
  8 endoplasms
  5 giant cockroaches
  8 hobgoblins
  11 jackals
  4 quokkas
  3 ball pythons
  11 bats
  7 frilled lizards
  6 goblins
  8 kobolds
  5 rats
98 creatures vanquished.

Notes
Turn   | Place    | Note
-------+----------+-------------------------------------------
     0 | D:1      | timneilson the Octopode Shapeshifter began the quest for
                  | the Orb.
     0 | D:1      | Reached XP level 1. HP: 13/13 MP: 1/1
   127 | D:1      | Identified a scroll of acquirement
   127 | D:1      | Acquired a manual of Shields
   262 | D:1      | Reached XP level 2. HP: 18/18 MP: 2/2
   720 | D:2      | Reached XP level 3. HP: 21/23 MP: 3/3
   953 | D:2      | Reached skill level 1 in Stealth
  1248 | D:2      | Reached XP level 4. HP: 26/28 MP: 4/4
  1721 | D:3      | Found a radiant altar of Vehumet.
  1888 | D:4      | Acquired 938 gold pieces
  2190 | D:3      | Reached XP level 5. HP: 34/34 MP: 5/5
  2400 | D:3      | Found a faded altar of an unknown god.
  3018 | D:4      | Reached skill level 4 in Unarmed Combat
  3018 | D:4      | Reached skill level 1 in Evocations
  3132 | D:5      | Entered Level 5 of the Dungeon
  3179 | D:5      | Found a staircase to the Ecumenical Temple.
  3187 | Temple   | Entered the Ecumenical Temple
  3206 | Temple   | Became a worshipper of Gozag Ym Sagoz the Greedy
  3351 | D:4      | Reached XP level 6. HP: 8/39 MP: 6/6
  3903 | D:5      | Slain by a centaur

Illustrated notes

Levels and vault maps discovered:
D:1:      lightli_arrival_windingriver, layout_loops_ring
D:2:      layout_basic, dk_noncrumbling_3
D:3:      layout_loops_corners, mainiacjoe_overflow_boulevard,
          shapermc_ecumenical_altar_gd, minmay_misc_feat_alley, st_stairs_8
D:4:      layout_gridville, lemuel_flame_loot_1
D:5:      layout_basic, minmay_temple_entry_stoned_glass
Temple:   nicolae_temple_superstar

Skill      XL: |  1  2  3  4  5 |
---------------+----------------+-----
Stealth        | 1 2 |  2.6
Dodging        | 3 |  3.5
Fighting       | 2 |  2.1
Unarmed Combat | 4 |  4.1
Evocations     | 1 |  1.3
Shapeshifting  | |  3.9

Action                     |  1- 3 |  4- 6 || total
---------------------------+-------+-------++-------
  Melee: Unarmed           |    72 |   108 ||   180
         Tentacles         |    16 |    20 ||    36
         Constrict         |    23 |    29 ||    52
         Punch             |     3 |     2 ||     5
    Use: Scroll            |     3 |     6 ||     9
         Potion            |       |     3 ||     3
   Stab: Sleeping          |     9 |    14 ||    23
 Armour: Skin              |    30 |    60 ||    90
  Dodge: Dodged            |    48 |    66 ||   114

Table legend: (Time is in decaauts)
 A = Elapsed time spent in this place.
 B = Non-inter-level travel time spent in this place.
 C = Inter-level travel time spent in this place.
 D = Time resting spent in this place.
 E = Time spent auto-exploring this place.
 F = Levels seen in this place.
 G = Mean time per level.
                   A        B        C        D        E       F      G
               +--------+--------+--------+--------+--------+-----+--------+
         Total |   3892 |   3675 |    217 |    163 |   2709 |   6 |  648.7 |
       Dungeon |   3853 |   3672 |    181 |    163 |   2709 |   5 |  770.6 |
        Temple |     38 |      2 |     36 |      0 |      0 |   1 |   38.0 |
               +--------+--------+--------+--------+--------+-----+--------+

Top non-repeatable levels by time:
     D:4: 1187 daAuts
     D:3: 963 daAuts
     D:2: 934 daAuts
     D:1: 666 daAuts
     D:5: 102 daAuts
  Temple: 38 daAuts
